 Dungeon Crawl Stone Soup version 0.23-a0-488-g5fd82c5 (webtiles) character file.

346178 iamserjio the Brawler (level 22, -2/168 HPs)
             Began as an Ogre Summoner on Dec 1, 2018.
             Was an Elder of Hepliaklqana.
             Killed from afar by a spriggan air mage (35 damage)
             ... with a bolt of lightning
             ... on level 3 of the Depths.
             The game lasted 04:15:01 (91698 turns).

iamserjio the Brawler (Ogre Summoner)              Turns: 91698, Time: 04:15:01

Health: -2/168     AC: 16    Str: 21    XL:     22   Next: 11%
Magic:  47/47      EV: 10    Int: 19    God:    Hepliaklqana [****..]
Gold:   1032       SH: 15    Dex: 15    Spells: 14/46 levels left

rFire    . . .     SeeInvis .     - Unarmed
rCold    + . .     Gourm    .   j - +5 shield
rNeg     + . .     Faith    .   R - +0 swamp dragon scales
rPois    +         Spirit   .   s - +2 hat {MR+}
rElec    .         Reflect  .   Z - scarf {repulsion}
rCorr    .         Harm     .   (gloves unavailable)
MR       +++..                  (boots unavailable)
Stlth    ++........             I - amulet of the acrobat
HPRegen  0.38/turn              D - ring of Oteifin {rPois rC+ rN+ Dex+5 Stlth+}
MPRegen  0.30/turn              q - ring of Spring {MP+9 AC+5}

@: repel missiles
A: large, unfitting armour, reduced essence, tough skin 1
}: 2/15 runes: decaying, serpentine
a: Recall Ancestor, Ancestor Identity, Transference, Idealise, Renounce Religion


You were on level 3 of the Depths.
You worshipped Hepliaklqana.
Hepliaklqana was greatly pleased with you.
You were not hungry.

You visited 8 branches of the dungeon, and saw 38 of its levels.
You also visited: Bailey and Ice Cave.

You collected 4412 gold pieces.
You spent 3380 gold pieces at shops.

Inventory:

Missiles
 b - 39 large rocks (quivered)
 J - 3 throwing nets {!f}
Armour
 i - a +2 robe of magic resistance
 j - a +5 shield (worn)
 s - a +2 hat of magic resistance (worn)
 C - a +2 cloak of cold resistance
 H - +0 fire dragon scales
 R - +0 swamp dragon scales (worn)
 Z - a scarf of repulsion (worn)
Jewellery
 f - the ring "Silaker" {Ice +Inv rPois rN+ Dex-4}
   (You took it off a deep elf high priest on level 3 of the Elven Halls)

   [ring of ice]

   It enhances your ice magic.
   It affects your dexterity (-4).
   It makes you vulnerable to fire.
   It protects you from cold.
   It protects you from poison.
   It protects you from negative energy.
   It lets you turn invisible.
 q - the ring of Spring (right hand) {MP+9 AC+5}
   (You took it off a deep elf high priest on level 3 of the Elven Halls)

   [ring of protection]

   It affects your AC (+5).
   It affects your magic capacity (+9).
 A - an uncursed ring of fire
 D - the ring of Oteifin (left hand) {rPois rC+ rN+ Dex+5 Stlth+}
   (You acquired it on level 6 of the Lair of Beasts)

   [ring of poison resistance]

   It affects your dexterity (+5).
   It protects you from cold.
   It protects you from poison.
   It protects you from negative energy.
   It makes you more stealthy.
 I - an amulet of the acrobat (around neck)
 M - an uncursed amulet of regeneration
 N - an uncursed ring of resist corrosion
 V - the ring "Ehyirikh" {Wiz *Contam rPois rN+ Int+4}
   (You took it off a deep elf sorcerer on level 3 of the Elven Halls)

   [ring of wizardry]

   It improves your spell success rate.
   It affects your intelligence (+4).
   It protects you from poison.
   It protects you from negative energy.
   It causes magical contamination when unequipped.
Wands
 r - a wand of iceblast (16)
 y - a wand of disintegration (23)
 K - a wand of scattershot (2)
 P - a wand of clouds (10)
 Q - a wand of digging (4)
 S - a wand of acid (21)
 W - a wand of enslavement (2)
Scrolls
 k - 3 scrolls of fear
 l - 4 scrolls of teleportation
 n - 3 scrolls of fog
 o - 2 scrolls of enchant armour
 p - 5 scrolls of vulnerability
 t - 8 scrolls of magic mapping
 L - 22 scrolls of remove curse {@r2}
 U - 2 scrolls of holy word
Potions
 d - 15 potions of curing {@q1}
 g - 4 potions of invisibility
 m - 9 potions of brilliance
 u - 10 potions of agility
 v - 5 potions of mutation
 w - 5 potions of resistance
 x - 8 potions of lignification
 z - 4 potions of magic
 B - 3 potions of heal wounds
 E - 4 potions of cancellation
 F - 8 potions of haste
 T - 5 potions of might
 Y - 3 potions of ambrosia
Miscellaneous
 a - a sack of spiders
 h - 2 boxes of beasts
 G - a phial of floods
 O - 2 phantom mirrors
Comestibles
 c - 33 rations


   Skills:
 - Level 5.0 Fighting
 - Level 5.0 Armour
 - Level 5.0 Dodging
 - Level 1.4 Stealth
 - Level 5.0 Shields
 - Level 19.1 Unarmed Combat
 + Level 12.5 Spellcasting
 - Level 16.0 Summonings
 * Level 13.9 Translocations
 - Level 2.0 Ice Magic
 - Level 4.0 Air Magic
 - Level 5.0 Invocations
 - Level 14.0 Evocations


You had 14 spell levels left.
You knew the following spells:

 Your Spells              Type           Power        Failure   Level  Hunger
a - Apportation           Tloc           ######       1%          1    None
b - Confusing Touch       Hex            ##....       22%         1    None
c - Call Canine Familiar  Summ           ######..     1%          3    None
d - Summon Lightning Spi  Summ/Air       #####...     3%          4    #......
e - Summon Ice Beast      Ice/Summ       #####...     5%          4    #......
f - Dispersal             Tloc           ######....   11%         6    ######.
g - Gell's Gravitas       Tloc           ######....   1%          3    None
h - Malign Gateway        Summ/Tloc      ######....   36%         7    #######
i - Summon Butterflies    Summ           ######..     1%          1    None
j - Blink                 Tloc           N/A          1%          2    None

Your spell library contained the following spells:

 Spells                   Type           Power        Failure   Level  Hunger
 Summon Small Mammal      Summ           ####         1%          1    None
 Call Imp                 Summ           ######..     1%          2    None
 Summon Guardian Golem    Hex/Summ       #####...     2%          3    None
 Portal Projectile        Hex/Tloc       #####.       3%          3    None
 Force Lance              Conj/Tloc      #####...     12%         4    #......
 Animate Skeleton         Necr           N/A          22%         1    None
 Corona                   Hex            ##.....      22%         1    None
 Flame Tongue             Conj/Fire      ##...        22%         1    None
 Magic Dart               Conj           ##..         22%         1    None
 Passwall                 Tmut/Erth      ##......     32%         2    None
 Searing Ray              Conj           ##....       32%         2    None
 Slow                     Hex            ##......     32%         2    None
 Sticks to Snakes         Tmut           ##......     32%         2    None
 Throw Flame              Conj/Fire      ##....       32%         2    None
 Mephitic Cloud           Conj/Pois/Air  ###.....     36%         3    None
 Conjure Flame            Conj/Fire      ##......     54%         3    None
 Dazzling Spray           Conj/Hex       ##....       54%         3    None
 Ignite Poison            Fire/Tmut/Pois ##......     54%         3    None
 Inner Flame              Hex/Fire       ##......     54%         3    None
 Cause Fear               Hex            ##........   91%         4    #......
 Fulminant Prism          Conj/Hex       ##........   91%         4    #......
 Iskenderun's Mystic Bla  Conj           ##......     91%         4    #......
 Leda's Liquefaction      Hex/Erth       ##........   91%         4    #......
 Petrify                  Tmut/Erth      ##......     91%         4    #......
 Sticky Flame             Conj/Fire      ##......     91%         4    #......
 Fireball                 Conj/Fire      ##........   99%         5    ####...
 Yara's Violent Unravell  Hex/Tmut       ##........   99%         5    ####...
 Controlled Blink         Tloc           N/A          99%         8    #######
 Disjunction              Tloc           ######....   99%         8    #######
 Bolt of Fire             Conj/Fire      ##........   100%        6    ######.
 Poison Arrow             Conj/Pois      ##........   100%        6    ######.
 Statue Form              Tmut/Erth      ##.......    100%        6    ######.
 Ring of Flames           Chrm/Fire      ##........   100%        7    #######
 Chain Lightning          Conj/Air       ###.......   100%        8    #######
 Ignition                 Fire           ##........   100%        8    #######
 Lehudib's Crystal Spear  Conj/Erth      ##........   100%        8    #######
 Fire Storm               Conj/Fire      ##........   100%        9    #######
 Glaciate                 Conj/Ice       ###.......   100%        9    #######


Dungeon Overview and Level Annotations

Branches:
Dungeon (15/15)            Temple (1/1) D:6            Lair (6/6) D:9
  Swamp (4/4) Lair:2        Snake (4/4) Lair:3        Slime (0/5) Lair:5
    Orc (2/2) D:11            Elf (3/3) Orc:2        Vaults (0/5) D:13
 Depths (3/5) D:15

Altars:
Ashenzari
Cheibriados
Dithmenos
Elyvilon
Fedhas
Gozag
Hepliaklqana
Kikubaaqudgha
Makhleb
Nemelex Xobeh
Okawaru
Qazlal
Ru
Sif Muna
Trog
Uskayaw
Vehumet
Wu Jian
Xom
Yredelemnul
Zin
The Shining One
Beogh

Shops:
D:8 !   D:9 }   D:14 !   Orc:2 }[%[   Snake:1 (   Depths:3 %((

Portals:
Hell: Depths:1 Depths:2
Pandemonium: Depths:1 Depths:3

Annotations:
Depths:2 1 exclusion
Depths:3 1 exclusion


Innate Abilities, Weirdness & Mutations

You are too large for most types of armour.
You have tough skin. (AC +1)
Your life essence is reduced to manifest your ancestor. (-10% HP)


Message History

The spriggan air mage closely misses you.
You completely miss the spriggan air mage. :> completely misses the spriggan air mage.
You hit the spriggan air mage.
The spriggan air mage barely misses you. :> hits the spriggan air mage with a +0 broad axe of flaming! :> burns the spriggan air mage.
You miss the spriggan air mage.
The spriggan air mage gestures at you while chanting.
The bolt of lightning hits you!
* * * LOW HITPOINT WARNING * * *
You closely miss the spriggan air mage. :> completely misses the spriggan air mage.
You closely miss the spriggan air mage. :> barely misses the spriggan air mage.
The spriggan air mage hits you but does no damage.
You hit the spriggan air mage. :> closely misses the spriggan air mage.
The spriggan air mage casts a spell at you.
The bolt of lightning hits you!
You die...

.........# .# . #.####.#.##.# ##.
#.##........# #..
#'##'######'#####.##### ##+##
........#..........#..#######...#
...[....'..........'.[..........#
........#..........#[†.≈≈≈≈≈....#
........#..........#..>≈≈≈≈≈.....
........#[.....i@..)...≈≈≈≈≈....'
...∩....#.......R..#...≈≈≈≈≈.....
........[..........#...≈≈≈≈≈.....
........#.....#....#.P......<....
........##...##....#.......)....#
#'##....###.###....###....)......
#.##.###.##.##.###.# #..#.#...#.#
..##..###.#.#.###..# #.#.........
#####..####.####...# #..#.#.#.#.#


You could see the friendly :> the knight and a spriggan air mage.

Vanquished Creatures
  Saint Roka (Elf:2)
  the Lernaean hydra (Swamp:4)
  Jorgrun (Swamp:1)
  A deep elf master archer (Elf:3)
  2 deep elf blademasters
  Gastronok (D:11)
  Kirke (Swamp:4)
  2 thorn hunters (Swamp:4)
  2 nagarajas
  2 frost giants
  3 orc warlords
  2 deep elf elementalists
  The ghost of Moorgh the Fighter, a journeyman GnWn of Nemelex Xobeh (D:13)
  A spriggan defender (Depths:3)
  4 stone giants
  The ghost of Wocost the Agent of Entropy, a journeyman DrWn of Lugonu (D:15)
  2 deep elf demonologists (Elf:3)
  A deep elf annihilator (Elf:3)
  4 spark wasps
  A white draconian (IceCv)
  4 ettins
  2 deep elf death magi (Elf:3)
  2 fire dragons (Depths:2)
  A yaktaur captain (D:15)
  3 deep elf high priests (Elf:3)
  3 ice dragons
  2 great orbs of eyes
  2 rakshasas (Depths:2)
  A hell beast (Depths:2)
  7 hydras
  5 naga warriors
  A spriggan air mage (Depths:3)
  A catoblepas (Lair:6)
  4 anacondas
  A vault guard (D:13)
  Erica (D:8)
  3 centaur warriors
  13 two-headed ogres
  19 dancing weapons
  3 death yaks
  7 alligators
  5 deep troll shamans
  A shock serpent (Snake:1)
  A tengu warrior (Depths:1)
  A spectral naga (Snake:4)
  A naga sharpshooter (Snake:4)
  4 deep troll earth magi
  Nergalle (Orc:1)
  5 deep elf knights
  5 skeletal warriors
  A salamander mystic (Snake:4)
  3 iron trolls (Depths:3)
  7 deep trolls
  A spectral wolf spider (D:12)
  2 spriggan druids
  2 wizards
  5 deep elf archers
  A wolf spider zombie (D:14)
  A harpy (Snake:4)
  A naga ritualist (Snake:2)
  2 lindwurms (Lair:6)
  7 swamp dragons
  2 necromancers (Depths:2)
  A lindwurm (shapeshifter) (D:15)
  A tengu zombie (Depths:2)
  2 mana vipers
  11 ugly things
  7 orc knights
  2 orc sorcerers
  2 wolf spiders
  28 deep elf magi
  2 cyclopes
  3 manticores
  3 salamanders
  21 black mambas
  6 elephants
  A spectral shock serpent (Snake:4)
  A stone giant skeleton (Depths:2)
  2 guardian serpents
  6 naga magi
  Maurice (D:7)
  Joseph (D:8)
  2 centaur skeletons
  7 yaktaurs
  A gargoyle (D:15)
  6 spiny frogs
  An efreet (D:13)
  2 rime drakes (Lair:6)
  9 komodo dragons
  A freezing wraith (D:15)
  An ice devil (Depths:1)
  2 tengu conjurers
  4 trolls
  A queen bee (shapeshifter) (Depths:1)
  A meliai (D:14)
  2 red devils
  A hornet (shapeshifter) (Depths:2)
  4 tyrant leeches
  8 polar bears
  5 hornets
  6 hippogriffs
  8 slime creatures
  A frost giant simulacrum (Depths:2)
  7 bog bodies
  11 blink frogs
  A shadow (Swamp:3)
  An air elemental (Elf:1)
  A spriggan simulacrum (Depths:2)
  6 spriggans
  Eustachio (D:5)
  A vampire (D:10)
  2 wyverns
  3 water elementals
  2 basilisks
  A human (shapeshifter) (Depths:2)
  24 yaks
  2 fire elementals (Elf:3)
  A steam dragon (D:13)
  11 vampire mosquitoes
  An insubstantial wisp (Swamp:1)
  20 nagas
  3 soldier ants
  2 wargs (Orc:1)
  7 swamp worms
  A swamp worm (shapeshifter) (Elf:1)
  6 water moccasins
  7 porcupines
  5 swamp drakes
  29 orc warriors
  3 sky beasts
  2 ice beasts
  3 necrophages
  22 ogres
  2 hornet zombies
  A phantom (D:10)
  13 wolves
  A black mamba simulacrum (Snake:4)
  9 centaurs
  6 crocodiles
  3 big kobolds
  2 knights
  2 earth elementals (Elf:2)
  11 bullfrogs
  A wyvern zombie (D:14)
  A water moccasin zombie (D:6)
  A wyvern skeleton (D:11)
  A scorpion (D:5)
  5 killer bees
  A jelly (D:15)
  2 wights
  3 electric eels
  4 howler monkeys
  5 crimson imps
  4 centaur zombies
  2 bullfrog zombies
  2 hounds
  4 bullfrog skeletons
  15 orc priests
  13 orc wizards
  Crazy Yiuf (D:4)
  3 iguanas
  7 worker ants
  A hound zombie (D:5)
  A hound skeleton (D:4)
  A worker ant zombie (D:5)
  A gnoll (Bailey)
  5 adders
  2 shadow imps
  2 oozes (D:2)
  2 adder skeletons
  2 dart slugs
  5 leopard geckos
  48 orcs
  19 bats
  6 giant cockroaches
  7 goblins
  4 hobgoblins
  9 jackals
  25 kobolds
  2 quokkas
  A frilled lizard (D:2)
  A jackal zombie (D:9)
  A quokka skeleton (D:4)
  7 rats
  A spectral orc (D:6)
  A bush (Depths:1)
817 creatures vanquished.

Vanquished Creatures (collateral kills)
  A caustic shrike (Depths:3)
  A tentacled monstrosity (Swamp:1)
  A lich (Depths:2)
  Rupert (Lair:6)
  A deep elf blademaster (Elf:3)
  A deep elf master archer (Elf:3)
  The ghost of Lufyqa Hiru the Impaler, an adept MfIE of Makhleb (Snake:4)
  A thorn hunter (Swamp:2)
  A tengu reaver (Depths:1)
  7 nagarajas
  Roxanne (Swamp:3)
  The ghost of mopl the Brawler, a journeyman TrHu of Okawaru (D:15)
  5 frost giants
  4 fire giants
  9 deep elf sorcerers
  A deep elf elementalist (Elf:3)
  A cacodemon (Depths:1)
  4 very ugly things (Depths:3)
  2 stone giants
  The ghost of Fol Vur the Cleaver, a journeyman DDFi of Makhleb (D:15)
  6 deep elf annihilators (Elf:3)
  2 deep elf death magi (Elf:3)
  An ettin (Depths:3)
  3 deep elf high priests (Elf:3)
  3 fire dragons
  An ice dragon (Depths:2)
  2 yaktaur captains
  3 rakshasas
  20 hydras
  2 vault guards (D:13)
  A catoblepas (Lair:4)
  3 ghost crabs
  2 centaur warriors
  6 anacondas
  9 naga warriors
  4 alligators
  6 ogre magi
  A deep troll shaman (Depths:3)
  A tengu warrior (Depths:2)
  9 dancing weapons
  3 death yaks
  14 two-headed ogres
  3 orc high priests
  5 deep troll earth magi
  9 deep elf knights
  8 naga sharpshooters
  3 shock serpents
  2 iron trolls (Depths:3)
  3 skeletal warriors
  6 deep trolls
  A flayed ghost (D:15)
  A gelid demonspawn (Depths:1)
  2 glowing orange brains (Depths:1)
  5 unseen horrors
  5 naga ritualists
  5 swamp dragons (Swamp:4)
  A lindwurm (Lair:6)
  A tengu zombie (Depths:2)
  7 mana vipers
  8 deep elf archers
  2 wizards
  7 orc knights
  14 ugly things
  A cyclops (D:15)
  3 manticores
  A necromancer (Depths:2)
  4 salamanders
  34 deep elf magi
  18 slime creatures
  3 elephants (Lair:6)
  A spectral centaur (D:13)
  A rust devil (Depths:2)
  An ice statue (IceCv)
  3 centaur zombies (D:13)
  14 black mambas
  A spectral shock serpent (Snake:4)
  8 naga magi
  Psyche (D:11)
  A water nymph (shapeshifter) (Depths:3)
  3 centaur skeletons
  An orange demon (Depths:1)
  A gargoyle (D:10)
  2 torpor snails (Lair:6)
  12 spiny frogs
  A freezing wraith (D:15)
  5 komodo dragons
  A rime drake (Lair:4)
  4 tengu conjurers
  8 yaktaurs
  8 polar bears (IceCv)
  3 trolls
  A spectral salamander (Snake:4)
  2 meliai
  5 tyrant leeches
  6 bog bodies
  4 hornets
  8 blink frogs
  2 dream sheep (Lair:6)
  3 hippogriffs
  4 centaur simulacra
  A spectral black mamba (Snake:4)
  2 spectral nagas (Snake:4)
  A shadow (Swamp:4)
  A spriggan (Swamp:4)
  2 air elementals
  A shock serpent simulacrum (Snake:4)
  10 yaks
  A wyvern (D:14)
  A basilisk (D:9)
  A human (D:13)
  3 hogs (Swamp:4)
  3 fire elementals
  14 vampire mosquitoes
  3 insubstantial wisps (Swamp:1)
  A harpy simulacrum (D:15)
  30 nagas
  8 swamp worms
  4 wargs
  5 porcupines
  14 water moccasins
  3 sky beasts
  14 orc warriors
  3 ice beasts
  6 swamp drakes
  2 eyes of draining
  2 necrophages (D:9)
  6 phantoms
  20 ogres
  5 wolves
  6 centaurs
  7 crocodiles
  Blork the orc (D:5)
  13 bullfrogs
  A wyvern skeleton (D:13)
  3 scorpions
  5 killer bees
  11 wights
  3 electric eels
  6 crimson imps
  A bullfrog zombie (D:7)
  2 jellies
  3 hounds
  12 orc priests
  3 bullfrog skeletons
  A gnoll shaman (D:7)
  2 iguanas
  13 orc wizards
  4 worker ants
  A worker ant zombie (D:6)
  5 gnolls (D:7)
  9 adders
  An adder skeleton (D:6)
  3 worms
  4 leopard geckos
  51 orcs
  A ball python (D:3)
  13 bats
  2 goblins (Bailey)
  4 hobgoblins
  5 jackals
  A frilled lizard (D:5)
  12 kobolds
  A bush (Depths:1)
  3 fungi
  3 plants
807 creatures vanquished.

Vanquished Creatures (others)
  A stone giant (Depths:2)
  An anaconda (Snake:4)
  A naga sharpshooter (Snake:4)
  A yaktaur (Depths:2)
  A naga (Snake:4)
  48 knights
  An orc wizard (D:8)
  7 ancestors
  A shadow imp (D:13)
  An orc (D:13)
  17 fungi
  56 plants
  3 withered plants (D:15)
139 creatures vanquished.

Grand Total: 1763 creatures vanquished

Notes
Turn   | Place    | Note
-------+----------+-------------------------------------------
     0 | D:1      | iamserjio the Ogre Summoner began the quest for the Orb.
     0 | D:1      | Reached XP level 1. HP: 16/16 MP: 3/3
   463 | D:1      | Reached XP level 2. HP: 13/26 MP: 5/5
  1187 | D:1      | Reached skill level 1 in Unarmed Combat
  1465 | D:1      | Reached skill level 1 in Fighting
  1679 | D:1      | Learned a level 2 spell: Call Imp
  1747 | D:2      | Reached XP level 3. HP: 29/33 MP: 4/7
  2548 | D:2      | Reached XP level 4. HP: 41/41 MP: 8/8
  2553 | D:2      | Learned a level 3 spell: Call Canine Familiar
  3049 | D:2      | Reached skill level 2 in Unarmed Combat
  4099 | D:3      | Found a faded altar of an unknown god.
  4243 | D:3      | Found a sacrificial altar of Ru.
  4342 | D:4      | Reached XP level 5. HP: 35/49 MP: 9/9
  4432 | D:4      | Learned a level 4 spell: Summon Lightning Spire
  4588 | D:4      | Found a runed door.
  5264 | D:4      | Reached skill level 3 in Unarmed Combat
  5264 | D:4      | Reached XP level 6. HP: 59/59 MP: 3/11
  5287 | D:4      | Reached skill level 1 in Air Magic
  5799 | D:4      | Noticed Crazy Yiuf
  5822 | D:4      | Killed Crazy Yiuf
  5885 | D:5      | Entered Level 5 of the Dungeon
  6133 | D:5      | Noticed Eustachio
  6299 | D:5      | Killed Eustachio
  6299 | D:5      | Reached XP level 7. HP: 37/67 MP: 7/13
  6561 | D:5      | Noticed Blork the orc
  6713 | D:5      | Found a blossoming altar of Fedhas.
  6713 | D:5      | Found a sparkling altar of Nemelex Xobeh.
  6741 | D:5      | Found a shimmering altar of Xom.
  6744 | D:5      | Found a shimmering altar of Xom.
  6745 | D:5      | Found a shimmering altar of Xom.
  6745 | D:5      | Found a shimmering altar of Xom.
  6761 | D:5      | Reached skill level 4 in Unarmed Combat
  6831 | D:5      | Found a shimmering altar of Xom.
  6832 | D:5      | Found a shimmering altar of Xom.
  7439 | D:5      | Killed Blork the orc
  7567 | D:5      | Learned a level 4 spell: Summon Ice Beast
  7569 | D:6      | Found a staircase to the Ecumenical Temple.
  7666 | Temple   | Entered the Ecumenical Temple
  7729 | Temple   | Became a worshipper of Hepliaklqana the Forgotten
  7851 | D:6      | Reached skill level 5 in Summonings
  7851 | D:6      | Reached XP level 8. HP: 41/71 MP: 9/14
  7868 | D:6      | Reached skill level 1 in Shields
  7879 | D:6      | Reached skill level 5 in Unarmed Combat
  8350 | D:6      | Reached skill level 5 in Fighting
  8544 | D:6      | Found an opulent altar of Gozag.
  8687 | D:6      | Found a basalt altar of Yredelemnul.
  8966 | D:6      | Found a glowing golden altar of the Shining One.
  9251 | D:6      | Found a hide-covered altar of Uskayaw.
  9260 | D:6      | Found a glowing silver altar of Zin.
  9368 | D:6      | Reached skill level 6 in Unarmed Combat
  9652 | D:6      | Reached * piety under Hepliaklqana
 10018 | D:7      | Reached XP level 9. HP: 57/79 MP: 15/15
 10135 | D:7      | Found a white marble altar of Elyvilon.
 11794 | D:8      | Reached skill level 7 in Unarmed Combat
 12198 | D:8      | Found Qeqick's Distillery.
 12205 | D:8      | Bought a potion of heal wounds for 70 gold pieces
 12205 | D:8      | Bought a potion of lignification for 42 gold pieces
 12205 | D:8      | Bought a potion of haste for 140 gold pieces
 12205 | D:8      | Bought a potion of magic for 112 gold pieces
 12232 | D:8      | Noticed Maurice
 12336 | D:8      | Noticed Erica
 13618 | D:8      | Noticed Joseph
 13651 | D:7      | Killed Maurice
 13651 | D:7      | Reached skill level 8 in Unarmed Combat
 13651 | D:7      | Reached XP level 10. HP: 63/86 MP: 8/16
 13761 | D:8      | Killed Joseph
 14424 | D:9      | Found Toucw's Gadget Shop.
 14502 | D:9      | Found a flagged portal.
 14521 | Bailey   | Entered a bailey
 14571 | Bailey   | Noticed an orc warlord
 14712 | Bailey   | Noticed an orc knight
 14734 | Bailey   | Killed an orc knight
 14734 | Bailey   | Reached skill level 5 in Shields
 14792 | Bailey   | HP: 1/86 [orc warrior/+0 hand axe (19)]
 15191 | Bailey   | Found a runed gate.
 15193 | Bailey   | Found a runed gate.
 15195 | Bailey   | Found a runed gate.
 15348 | D:9      | Reached skill level 10 in Unarmed Combat
 15348 | D:9      | Reached XP level 11. HP: 91/91 MP: 12/21
 15349 | D:9      | Reached skill level 11 in Unarmed Combat
 15349 | D:9      | Reached XP level 12. HP: 99/99 MP: 12/22
 15450 | D:9      | You fall through a shaft!
 15450 | D:10     | Entered Level 10 of the Dungeon
 15450 | D:10     | Reached ** piety under Hepliaklqana
 15576 | D:10     | Reached skill level 10 in Summonings
 15609 | D:10     | Reached skill level 5 in Dodging
 15963 | D:10     | Remembered your ancestor :> as a knight
 16132 | D:9      | Identified the +0 robe of the Orb {+Inv rN+ rCorr Stlth-}
 16134 | D:9      | Found a staircase to the Lair.
 16331 | D:9      | Reached skill level 1 in Evocations
 16806 | D:9      | Found a shimmering altar of Xom.
 18416 | Lair:1   | Entered Level 1 of the Lair of Beasts
 18522 | Lair:1   | Reached *** piety under Hepliaklqana
 18857 | Lair:1   | Reached XP level 13. HP: 77/105 MP: 9/25
 19631 | Lair:2   | Reached **** piety under Hepliaklqana
 19739 | Lair:2   | Found a staircase to the Swamp.
 19868 | Lair:2   | Reached skill level 5 in Invocations
 20420 | Lair:3   | Reached skill level 12 in Unarmed Combat
 20708 | Lair:3   | Found a staircase to the Snake Pit.
 22185 | Lair:4   | Noticed Rupert
 22567 | Lair:4   | Reached skill level 5 in Evocations
 22957 | Lair:4   | Reached skill level 1 in Ice Magic
 23329 | Lair:4   | Reached ***** piety under Hepliaklqana
 24671 | Lair:5   | Found a staircase to the Slime Pits.
 25522 | Lair:5   | Reached skill level 13 in Unarmed Combat
 25995 | Lair:6   | Entered Level 6 of the Lair of Beasts
 26011 | Lair:6   | Reached XP level 14. HP: 104/113 MP: 22/26
 26487 | D:8      | Bought a potion of invisibility for 112 gold pieces
 26487 | D:8      | Bought 2 potions of mutation for 224 gold pieces
 26530 | D:8      | Killed Erica
 27649 | D:11     | Noticed Psyche
 27670 | D:11     | Killed Psyche
 27972 | D:11     | Noticed Gastronok
 27990 | D:11     | Killed Gastronok
 28685 | D:11     | Found a staircase to the Orcish Mines.
 29896 | D:12     | Reached skill level 14 in Unarmed Combat
 31440 | D:13     | Found a runed gate.
 31440 | D:13     | Found a runed gate.
 31440 | D:13     | Found a runed gate.
 31445 | D:13     | Noticed Moorgh's ghost (journeyman GnWn)
 33580 | D:13     | Reached skill level 15 in Unarmed Combat
 33737 | D:13     | Found a sacrificial altar of Ru.
 33855 | D:13     | Found a gate to the Vaults.
 34133 | D:14     | Found a frozen archway.
 34154 | D:14     | Reached skill level 1 in Armour
 34213 | IceCv    | Entered an ice cave
 34844 | IceCv    | Reached XP level 15. HP: 95/118 MP: 27/27
 36370 | D:14     | Identified 2 scrolls of acquirement
 37453 | D:14     | Found Jughyuf's Distillery.
 37461 | D:14     | Bought a potion of heal wounds for 70 gold pieces
 37461 | D:14     | Bought a potion of lignification for 42 gold pieces
 37461 | D:14     | Bought 2 potions of curing for 84 gold pieces
 37461 | D:14     | Bought a potion of heal wounds for 70 gold pieces
 37461 | D:14     | Bought a potion of might for 56 gold pieces
 37461 | D:14     | Bought a potion of curing for 42 gold pieces
 37565 | D:15     | Entered Level 15 of the Dungeon
 37574 | D:15     | Reached skill level 5 in Armour
 39283 | D:15     | Reached skill level 16 in Unarmed Combat
 39706 | D:15     | Found a staircase to the Depths.
 39888 | D:15     | Found a runed gate.
 39888 | D:15     | Found a runed gate.
 39888 | D:15     | Found a runed gate.
 39972 | D:15     | Learned a level 1 spell: Apportation
 39974 | D:15     | Learned a level 1 spell: Confusing Touch
 39988 | D:15     | Found a sparkling altar of Nemelex Xobeh.
 40755 | D:15     | Noticed Fol Vur's ghost (journeyman DDFi)
 40755 | D:15     | Noticed Wocost's ghost (journeyman DrWn)
 40755 | D:15     | Noticed mopl's ghost (journeyman TrHu)
 41381 | D:13     | Killed Moorgh's ghost
 41873 | D:9      | Bought a wand of iceblast (11) for 195 gold pieces
 41957 | Orc:1    | Entered Level 1 of the Orcish Mines
 41975 | Orc:1    | Noticed an orc warlord
 41986 | Orc:1    | HP: 4/119 [cloud of flame (18)]
 42515 | Orc:1    | Killed an orc warlord
 43109 | Orc:1    | Found a roughly hewn altar of Beogh.
 43135 | Orc:1    | Noticed Nergalle
 43165 | Orc:1    | Killed Nergalle
 43468 | Orc:2    | Entered Level 2 of the Orcish Mines
 43480 | Orc:2    | Reached XP level 16. HP: 121/126 MP: 29/29
 43627 | Orc:2    | Found a staircase to the Elven Halls.
 45202 | Orc:2    | Reached skill level 10 in Spellcasting
 46907 | Orc:2    | Found Paik's Armour Boutique.
 46907 | Orc:2    | Found Cuxelej's Gadget Shoppe.
 46908 | Orc:2    | Found Wapt's Antique Armour Emporium.
 46908 | Orc:2    | Found Dehiemou's Food Boutique.
 47251 | Orc:2    | Bought a wand of iceblast (9) for 182 gold pieces
 47251 | Orc:2    | Bought a wand of scattershot (3) for 294 gold pieces
 47251 | Orc:2    | Bought a wand of acid (9) for 364 gold pieces
 48498 | Lair:6   | Killed Rupert
 49656 | Lair:6   | Found an opulent altar of Gozag.
 50288 | Lair:6   | Got a heavily runed golden ring
 50290 | Lair:6   | Identified the ring "Bisk" {rPois Dex+4 SInv} (You acquired
                  | it on level 6 of the Lair of Beasts)
 50305 | Lair:6   | Got a vibrating granite ring
 50308 | Lair:6   | Identified the ring of Oteifin {rPois rC+ rN+ Dex+5 Stlth+}
                  | (You acquired it on level 6 of the Lair of Beasts)
 50454 | Swamp:1  | Entered Level 1 of the Swamp
 50813 | Swamp:1  | Reached XP level 17. HP: 102/134 MP: 16/32
 51143 | Swamp:1  | Noticed a tentacled monstrosity
 51162 | Swamp:1  | Killed a tentacled monstrosity
 51162 | Swamp:1  | Reached skill level 17 in Unarmed Combat
 51162 | Swamp:1  | Reached skill level 1 in Translocations
 51439 | Swamp:1  | Noticed Jorgrun
 53212 | Swamp:3  | Identified Roxanne's Grimoire of Shape Shifting
 53212 | Swamp:3  | Noticed Roxanne
 54884 | Swamp:4  | Entered Level 4 of the Swamp
 54898 | Swamp:4  | Noticed Kirke
 54932 | Swamp:4  | Killed Kirke
 55798 | Swamp:4  | Reached skill level 10 in Evocations
 56453 | Swamp:4  | Noticed the 27-headed Lernaean hydra
 56631 | Swamp:4  | Killed the 27-headed Lernaean hydra
 57471 | Swamp:4  | Reached XP level 18. HP: 137/141 MP: 34/34
 57477 | Swamp:4  | Got a decaying rune of Zot
 57920 | Swamp:3  | Killed Roxanne
 58084 | Swamp:1  | Killed Jorgrun
 58428 | Snake:1  | Entered Level 1 of the Snake Pit
 58987 | Snake:1  | Found Hoirph's Antique Weapon Shoppe.
 61787 | Snake:2  | HP: 3/141 [shock serpent/bolt of electricity (24)]
 61795 | Snake:2  | HP: 1/141 [shock serpent/bolt of electricity (5)]
 63480 | Snake:3  | Reached skill level 18 in Unarmed Combat
 64530 | Snake:3  | Learned a level 6 spell: Dispersal
 64531 | Snake:4  | Entered Level 4 of the Snake Pit
 64655 | Snake:4  | Found a runed gate.
 64655 | Snake:4  | Found a runed gate.
 64655 | Snake:4  | Found a runed gate.
 64878 | Snake:4  | Found a radiant altar of Vehumet.
 65613 | Snake:4  | Found a radiant altar of Vehumet.
 66030 | Snake:4  | Noticed Lufyqa Hiru's ghost (adept MfIE)
 66341 | Snake:4  | Identified the +2 robe of Luesigim {rPois}
 67627 | Snake:4  | Reached XP level 19. HP: 85/146 MP: 24/35
 68502 | Snake:4  | Got a serpentine rune of Zot
 69475 | Snake:4  | Killed Lufyqa Hiru's ghost
 69917 | Elf:1    | Entered Level 1 of the Elven Halls
 70687 | Elf:1    | Learned a level 3 spell: Gell's Gravitas
 71013 | Elf:1    | Reached skill level 5 in Translocations
 71914 | Elf:1    | Identified the Collected Works on Creative Battle Magic
 72242 | Elf:1    | Found a roughly hewn altar of Beogh.
 73843 | Elf:2    | Noticed Saint Roka
 73858 | Elf:2    | Killed Saint Roka
 74489 | Elf:2    | Found a runed gate.
 74489 | Elf:2    | Found a runed gate.
 74490 | Elf:2    | Found a runed gate.
 74521 | Elf:2    | Reached XP level 20. HP: 133/154 MP: 36/36
 74630 | Elf:3    | Entered Level 3 of the Elven Halls
 74957 | Elf:3    | Reached skill level 15 in Summonings
 75205 | Elf:3    | Found an ancient bone altar of Kikubaaqudgha.
 76273 | Elf:3    | Identified the +0 ring mail of Thoughtfulness {*Slow MR+
                  | Int+5 Stlth+}
 76273 | Elf:3    | Identified the ring "Silaker" {Ice +Inv rPois rN+ Dex-4}
 76516 | Elf:3    | Identified the ring "Ehyirikh" {Wiz *Contam rPois rN+
                  | Int+4}
 76869 | Elf:3    | Identified the ring of Piraj {rC+ Dex+3}
 76928 | Elf:3    | Identified the +6 scale mail "Rymnalo" {Str+2}
 76928 | Elf:3    | Identified the ring of Spring {MP+9 AC+5}
 77055 | Elf:3    | Reached skill level 19 in Unarmed Combat
 77604 | Elf:3    | Noticed a Tzitzimitl
 78142 | Elf:3    | Learned a level 7 spell: Malign Gateway
 78144 | Elf:3    | Learned a level 1 spell: Summon Butterflies
 79977 | Orc:2    | Bought a wand of clouds (8) for 504 gold pieces
 79977 | Orc:2    | Bought a wand of acid (14) for 504 gold pieces
 80105 | D:9      | Bought a wand of clouds (3) for 273 gold pieces
 80330 | D:15     | Killed Wocost's ghost
 80344 | D:15     | Killed mopl's ghost
 80352 | D:15     | Killed Fol Vur's ghost
 80568 | Depths:1 | Entered Level 1 of the Depths
 81260 | Depths:1 | HP: 7/154 [fire giant/fireball (43)]
 81854 | Depths:1 | Reached XP level 21. HP: 145/161 MP: 37/37
 82906 | Depths:1 | Found a gateway to Hell.
 82914 | Depths:1 | Found a one-way gate leading to the halls of Pandemonium.
 83408 | Depths:1 | Reached skill level 10 in Translocations
 84332 | Depths:2 | Learned a level 2 spell: Blink
 88049 | Depths:3 | HP: 8/161 [deep troll earth mage/blast of rock fragments
                  | (29)]
 88802 | Depths:3 | Found Redeolixef's Weapon Shoppe.
 88885 | Depths:3 | Found Ruwnelepru's Food Shoppe.
 89494 | Depths:3 | Found Suomilaly's Weapon Shoppe.
 91005 | Depths:3 | Reached XP level 22. HP: 126/168 MP: 38/38
 91036 | Depths:3 | Noticed a caustic shrike
 91043 | Depths:3 | Killed a caustic shrike
 91698 | Depths:3 | Killed from afar by a spriggan air mage

Vault maps used:
D:1:      dpeg_arrival_yet_another_circle, minmay_misc_feat_roman,
          minmay_misc_feat_secret_circle
D:3:      lemuel_crystal_altar, chequers_ecumenical_altar_simple_redux,
          first_ration, minmay_fractal_squares_diagonal_5
D:4:      uniq_crazy_yiuf_cottage
D:5:      gammafunk_temple_overflow_wave, xom_redecorated, uniq_blork_the_orc,
          uniq_eustachio
D:6:      minmay_spotlight, kennysheep_mini,
          yredelemnul_forgotten_temple_becter, amethyst_overflow_temple_binary,
          minmay_temple_entry_trees, basic_altar, minmay_holes
D:7:      elyvilon_altar_3
D:8:      serial_shops, nicolae_shop_trees, uniq_joseph, uniq_maurice,
          uniq_erica
D:9:      lemuel_doored_altar, david_lair_generic, enter_bailey_2, serial_shops,
          shop, serial_undead, serial_undead_b, serial_undead_d,
          serial_undead_e, serial_undead_c, hangedman_pestilent_swarm
D:10:     minmay_diced_spiral
D:11:     david_orc_3, hangedman_abyss_or_decor_passed, uniq_gastronok,
          uniq_psyche
D:12:     chequers_serial_rivers_small_b
D:13:     grunt_vaults_entry_fortified, gammafunk_ghost_necromancy,
          hangedman_decor_opposing, nicolae_ru_awakened_eye
D:14:     portal_ice_cave_entry_pillars_1, serial_shops, nicolae_shop_crystal,
          kennysheep_nondescript, kennysheep_generic_room_16
D:15:     grunt_enter_depths_snipers, lemuel_round_altar,
          gammafunk_ghost_cemetery, nicolae_benzene_ring,
          minmay_misc_feat_cross, dispersion_dpeg
Temple:   eino_temple_water
Lair:1:   grunt_megastairs_4
Lair:2:   skrybe_swamp_entry_bodies, beast_lair_carwin_9
Lair:3:   minmay_snake_entry_guardpost_medium
Lair:4:   guppyfry_lair_drakes, grunt_megastairs_2, uniq_rupert
Lair:5:   slime_dummy, serial_bayou_lake_a
Lair:6:   hangedman_lair_in_review, basic_altar
Swamp:1:  evilmike_swamp_ruin_rubble_1, uniq_jorgrun
Swamp:2:  hangedman_swamp_ruin_wall
Swamp:3:  hangedman_swamp_pad, uniq_roxanne
Swamp:4:  swamp_old_school, swamp_pool2, uniq_kirke
Snake:1:  serial_shops, shop_fountains
Snake:3:  grunt_ministairs_14, basic_stair_grate_trap
Snake:4:  minmay_snake_end_coiled, gammafunk_ghost_necromancy,
          hangedman_feature_mirror
Orc:1:    basic_altar, uniq_nergalle
Orc:2:    st_orc_ogre_mass, mines_bat_river
Elf:1:    minmay_elf_arrival_summoners, special_room, minmay_elf_sorcery
Elf:2:    uniq_saint_roka
Elf:3:    minmay_elf_hall_quartered_circle, basic_altar, grunt_ministairs_8
Depths:1: rand_demon_pan_entry_8, hell_entry, minmay_hedge_maze,
          kennysheep_generic_room_2, kennysheep_random_hallway
Depths:2: evilmike_inaccessible_box, minmay_splitting_lines,
          grunt_mini_vestibule, grunt_ministairs_12,
          minmay_the_grid_square_5x5_3x3_mashed, minmay_staircase_windowed_small
Depths:3: gammafunk_jiyva_shrine, chequers_serial_rivers_micro_d, serial_shops,
          shop, shop, nicolae_shop_window_shopping, hell_entry,
          rand_demon_pan_entry_3, minmay_misc_feat_columns, kb_rosetta
Bailey:   bailey_axe_bossmonster_kennysheep, bailey
IceCv:    ice_cave_small_giant

Skill      XL: |  1  2  3  4  5  6  7  8  9 10 11 12 13 14 15 16 17 18 19 20 21 |
---------------+----------------------------------------------------------------+-----
Dodging        | 2 4 5 |  5.0
Unarmed Combat | 1 2 3 4 6 8 10 11 13 15 16 17 18 19 | 19.1
Fighting       | 1 2 3 4 5 |  5.0
Spellcasting   | 3 4 6 8 9 11 12 | 12.5
Summonings     | 4 5 6 8 9 10 11 12 13 14 16 | 16.0
Air Magic      | 1 2 3 4 |  4.0
Shields        | 2 4 5 |  5.0
Invocations    | 3 4 5 |  5.0
Evocations     | 3 6 7 8 10 12 13 14 | 14.0
Ice Magic      | 2 |  2.0
Armour         | 2 5 |  5.0
Translocations | 1 3 5 8 13 | 13.9
Stealth        | |  1.4

Action                   |  1- 3 |  4- 6 |  7- 9 | 10-12 | 13-15 | 16-18 | 19-21 | 22-24 || total
-------------------------+-------+-------+-------+-------+-------+-------+-------+-------++-------
Melee: Unarmed           |   159 |   264 |   403 |   345 |  1249 |  1265 |  1361 |    60 ||  5106
       Punch             |       |     1 |     8 |     1 |       |       |       |       ||    10
Throw: Tomahawk          |       |       |     2 |    11 |       |       |       |       ||    13
       Large rock        |       |       |       |       |       |     8 |     3 |       ||    11
 Cast: Summon Small Mamm |    11 |       |       |       |       |       |       |       ||    11
       Call Imp          |     8 |    16 |    10 |     5 |       |       |       |       ||    39
       Call Canine Famil |       |    21 |    33 |    25 |    52 |    16 |    13 |     1 ||   161
       Summon Lightning  |       |       |     5 |    15 |    54 |    45 |    78 |     3 ||   200
       Summon Ice Beast  |       |       |       |       |    69 |   178 |   114 |     1 ||   362
       Apportation       |       |       |       |       |     1 |     1 |       |       ||     2
Invok: Recall Ancestor   |       |       |     5 |     4 |    24 |    17 |    19 |     1 ||    70
       Ancestor Identity |       |       |     1 |       |       |       |       |       ||     1
       Ancestor Life: Kn |       |       |       |     1 |       |       |       |       ||     1
       Idealise          |       |       |       |       |    15 |     9 |     7 |       ||    31
 Abil: Evoke Berserk Rag |       |     1 |       |       |       |       |       |       ||     1
       Evoke Invisibilit |       |       |       |     1 |       |       |       |       ||     1
Evoke: Wand              |       |       |     4 |     5 |    28 |    29 |    41 |     6 ||   113
       Box of beasts     |       |       |       |       |       |       |     1 |       ||     1
       Phial of floods   |       |       |       |       |       |       |     1 |       ||     1
       Sack of spiders   |       |       |       |       |       |       |       |     1 ||     1
  Use: Scroll            |       |     6 |     1 |     5 |    34 |     9 |    10 |       ||    65
       Potion            |       |       |     1 |     7 |     4 |     7 |     8 |       ||    27
 Stab: Sleeping          |     1 |     2 |     2 |       |     1 |     7 |     2 |       ||    15
       Distracted        |       |     2 |       |     7 |    13 |    28 |    20 |     2 ||    72
       Invisible         |       |       |       |     1 |       |       |       |       ||     1
       Paralysed         |       |       |       |       |       |       |       |     1 ||     1
  Eat: Chunk             |     6 |    15 |    17 |    14 |    41 |    37 |    48 |       ||   178
       Ration            |       |       |     3 |     2 |    15 |    15 |     9 |     1 ||    45
Armor: Robe              |    44 |   102 |    80 |    59 |   158 |    51 |       |       ||   494
       Troll leather arm |       |       |       |     5 |    16 |       |       |       ||    21
       Skin              |       |       |       |     4 |       |       |       |       ||     4
       Swamp dragon scal |       |       |       |       |       |   147 |   245 |    16 ||   408
Dodge: Dodged            |    89 |   157 |   172 |   138 |   362 |   361 |   341 |    18 ||  1638
       Deflected         |       |     4 |     2 |    24 |    26 |    20 |    34 |       ||   110
Block: Shield            |       |       |       |   127 |   798 |   792 |   668 |    37 ||  2422

Table legend:
 A = Non-vault XP
 B = Vault XP
 C = Vault XP percentage of total XP
 D = Non-vault monster count
 E = Vault monster count
 F = Vault count percentage of total count
                 A         B        C        D         E       F
            +---------+---------+-------+---------+---------+-------
      Total |  344118 |  246223 |  41.7 |    1126 |     493 |  30.5
            +---------+---------+-------+---------+---------+-------
        D:1 |      29 |       0 |   0.0 |      18 |       0 |   0.0
        D:2 |      75 |       0 |   0.0 |      18 |       0 |   0.0
        D:3 |      44 |       9 |  17.0 |      18 |       6 |  25.0
        D:4 |     280 |      27 |   8.8 |      25 |       1 |   3.8
        D:5 |     449 |     190 |  29.7 |      18 |       2 |  10.0
        D:6 |     915 |     247 |  21.3 |      20 |       7 |  25.9
        D:7 |    1023 |     350 |  25.5 |      24 |       1 |   4.0
        D:8 |    1158 |    1038 |  47.3 |      29 |       2 |   6.5
        D:9 |    1393 |    2089 |  60.0 |      30 |      14 |  31.8
       D:10 |    1986 |     642 |  24.4 |      36 |       5 |  12.2
       D:11 |    6394 |    2717 |  29.8 |      38 |       9 |  19.1
       D:12 |    7636 |     665 |   8.0 |      49 |       1 |   2.0
       D:13 |    4321 |    8120 |  65.3 |      24 |      18 |  42.9
       D:14 |   14367 |     441 |   3.0 |      56 |       1 |   1.8
       D:15 |   11282 |    9710 |  46.3 |      28 |      11 |  28.2
     Lair:1 |    2054 |     972 |  32.1 |      15 |       4 |  21.1
     Lair:2 |    3249 |    1405 |  30.2 |      19 |       6 |  24.0
     Lair:3 |    4236 |     378 |   8.2 |      19 |       3 |  13.6
     Lair:4 |    3617 |    1608 |  30.8 |      13 |       5 |  27.8
     Lair:5 |    6964 |       0 |   0.0 |      25 |       0 |   0.0
     Lair:6 |   11656 |   11213 |  49.0 |      40 |      22 |  35.5
    Swamp:1 |   10467 |    2309 |  18.1 |      21 |       1 |   4.5
    Swamp:2 |    9840 |       0 |   0.0 |      34 |       0 |   0.0
    Swamp:3 |   13988 |    1828 |  11.6 |      44 |       1 |   2.2
    Swamp:4 |   14545 |   17592 |  54.7 |      24 |      27 |  52.9
    Snake:1 |   10500 |       0 |   0.0 |      22 |       0 |   0.0
    Snake:2 |   17053 |       0 |   0.0 |      34 |       0 |   0.0
    Snake:3 |    7183 |    3718 |  34.1 |      15 |       7 |  31.8
    Snake:4 |   23814 |   22266 |  48.3 |      47 |      49 |  51.0
      Orc:1 |    5682 |    6770 |  54.4 |      53 |      13 |  19.7
      Orc:2 |    5491 |   15143 |  73.4 |      47 |      64 |  57.7
      Elf:1 |   19413 |   20429 |  51.3 |      31 |      44 |  58.7
      Elf:2 |   18089 |   31780 |  63.7 |      32 |      36 |  52.9
      Elf:3 |    7578 |   39631 |  83.9 |      17 |      33 |  66.0
   Depths:1 |   24656 |    8581 |  25.8 |      42 |      12 |  22.2
   Depths:2 |   26154 |   20133 |  43.5 |      37 |      23 |  38.3
   Depths:3 |   46537 |    5289 |  10.2 |      64 |       3 |   4.5
     Bailey |       0 |     774 | 100.0 |       0 |      26 | 100.0
      IceCv |       0 |    8159 | 100.0 |       0 |      36 | 100.0
            +---------+---------+-------+---------+---------+-------
